 Dungeon Crawl Stone Soup version 0.21.1-1-g345015f (webtiles) character file.

363 JeffiDaFish the Ducker (level 6, 0/66 HPs)
             Began as an Ogre Chaos Knight on Feb 19, 2018.
             Succumbed to Edmund's poison
             ... on level 4 of the Dungeon.
             The game lasted 00:06:45 (2549 turns).

JeffiDaFish the Ducker (Ogre Chaos Knight)          Turns: 2549, Time: 00:06:46

Health: 0/66       AC:  7    Str: 17 (19) XL:     6   Next: 67%
Magic:  13/13      EV: 12    Int: 11      God:    Xom [*.....]
Gold:   209        SH:  0    Dex:  9 (12) Spells: 14/14 levels left

rFire    . . .     SeeInvis +   i - +2 flail (protect)
rCold    . . .     Gourm    .   (no shield)
rNeg     . . .     Faith    .   b - +2 robe
rPois    .         Spirit   .   (helmet restricted)
rElec    .         Reflect  .   d - +1 cloak
rCorr    .         Harm     .   (gloves unavailable)
MR       .....                  (boots unavailable)
Stlth    ++........             h - amulet of inaccuracy (curse)
HPRegen  0.21/turn              j - ring of see invisible
MPRegen  0.13/turn              k - +2 ring of strength

@: lethally poisoned (0 -> -1)
A: large, unfitting armour, agile 1, dopey 1, tough skin 1
a: Renounce Religion


You were on level 4 of the Dungeon.
You worshipped Xom.
You were a special plaything of Xom.
You were hungry.

You visited 1 branch of the dungeon, and saw 4 of its levels.

You collected 209 gold pieces.

Inventory:

Hand Weapons
 a - a +1 mace of chaos
 i - a +2 flail of protection (weapon)
Armour
 b - a +2 robe (worn)
 d - a +1 cloak (worn)
Jewellery
 h - a cursed amulet of inaccuracy (around neck)
 j - a ring of see invisible (left hand)
 k - a +2 ring of strength (right hand)
Scrolls
 e - a scroll of teleportation
 f - 3 scrolls of identify
Potions
 g - a potion of cancellation
Comestibles
 c - 7 rations


   Skills:
 * Level 5.3 Fighting
 + Level 5.7 Maces & Flails
 + Level 6.8 Dodging
 - Level 3.9 Stealth
 - Level 4.9 Spellcasting


You had 14 spell levels left.
You didn't know any spells.

Dungeon Overview and Level Annotations

Branches:
Dungeon (4/15)
 Temple: D:4-7

Altars:


Innate Abilities, Weirdness & Mutations

You are too large for most types of armour.
You have tough skin. (AC +1)
You are agile. (Dex +2)
You are dopey. (Int -2)


Message History

You feel sick.
* * * LOW HITPOINT WARNING * * *
You feel sick.
You feel magically purged.
Your magical contamination has completely faded away.
* * * LOW HITPOINT WARNING * * *
You feel sick.
Things that are here:
a flail of protection; a scale mail
i - a flail of protection Wield which item (- for none, * to show all)? (? for menu, Esc to quit)
Your +2 flail of protection hums with potential!
i - a +2 flail of protection (weapon)
* * * LOW HITPOINT WARNING * * *
You feel sick.
* * * LOW HITPOINT WARNING * * *
You feel sick.
A bullfrog skeleton comes into view.
You die...
Xom titters!

##... #..
....##.. #......
#..#..# .
#.....##### #..
#...[...#..#
#....##..#..
#...##<...#...#
##. #.@#..$# .
#....#...#...#
#...#...#...#...
......#...#...#.
....#$..#...#..
..Z$..#...#.. #
....#...#...#. .
.. #.. #.. ##
..# .#


There were no monsters in sight!

Vanquished Creatures
  The ghost of crunkenstein the Shield-Bearer, an amateur HuFi of the Shining One (D:3)
  A scorpion (D:4)
  Jessica (D:2)
  4 adders (D:2)
  3 worms
  4 dart slugs
  A leopard gecko (D:1)
  2 orcs (D:3)
  3 giant cockroaches
  13 goblins
  5 hobgoblins
  4 quokkas
  2 ball pythons
  8 bats
  3 frilled lizards
  7 kobolds
  3 rats
65 creatures vanquished.

Notes
Turn   | Place    | Note
-------+----------+-------------------------------------------
     0 | D:1      | JeffiDaFish the Ogre Chaos Knight began the quest for the Orb.
     0 | D:1      | Reached XP level 1. HP: 24/24 MP: 1/1
   105 | D:1      | Reached XP level 2. HP: 32/32 MP: 2/2
   252 | D:1      | XOM: divination: detect items
   497 | D:1      | XOM: divination: magic mapping
   544 | D:1      | Reached XP level 3. HP: 40/40 MP: 3/3
   654 | D:2      | Reached skill level 5 in Maces & Flails
   654 | D:2      | Reached skill level 6 in Dodging
   654 | D:2      | Reached XP level 4. HP: 49/49 MP: 3/10
   664 | D:2      | Noticed Jessica
   676 | D:2      | Killed Jessica
   735 | D:2      | Reached XP level 5. HP: 55/55 MP: 12/12
   782 | D:2      | XOM: harmless Air miscast
   821 | D:2      | Gained mutation: Your spells are a little easier to cast, but a little less powerful. [potion of mutation]
   821 | D:2      | Lost mutation: Your spells are a little easier to cast, but a little less powerful. [potion of mutation]
   821 | D:2      | Gained mutation: You are dopey. (Int -2) [potion of mutation]
   821 | D:2      | Gained mutation: You are agile. (Dex +2) [potion of mutation]
   992 | D:2      | XOM: noise
  1032 | D:2      | XOM: harmless Necr miscast
  1087 | D:2      | XOM: mild Summ miscast
  1088 | D:2      | Noticed a spatial vortex
  1611 | D:3      | Noticed crunkenstein's ghost (amateur HuFi)
  1634 | D:3      | XOM: potion effect (might)
  1639 | D:3      | Killed crunkenstein's ghost
  1639 | D:3      | Reached skill level 5 in Fighting
  1639 | D:3      | Reached XP level 6. HP: 13/66 MP: 13/13
  1924 | D:3      | XOM: 1-stop teleportation journey
  2498 | D:4      | Noticed Edmund
  2499 | D:4      | XOM: chaos cloud
  2502 | D:4      | Noticed Edmund
  2502 | D:4      | Edmund changed into Edmund the scorpion
  2502 | D:4      | XOM: polymorph Edmund -> Edmund the scorpion
  2535 | D:4      | Killed Edmund the scorpion
  2539 | D:4      | HP: 3/66 [poisoned by Edmund]
  2545 | D:4      | HP: 2/66 [poisoned by Edmund]
  2549 | D:4      | Succumbed to Edmund's poison

Skill      XL: |  1  2  3  4  5 |
---------------+----------------+-----
Maces & Flails | 3 5 |  5.7
Dodging        | 6 |  6.8
Stealth        | 3 |  3.9
Spellcasting   | 4 |  4.9
Fighting       | 5 |  5.3

Action                   |  1- 3 |  4- 6 || total
-------------------------+-------+-------++-------
Melee: Mace              |    44 |   195 ||   239
  Use: Potion            |     3 |    10 ||    13
       Scroll            |     1 |     7 ||     8
 Stab: Sleeping          |       |     8 ||     8
       Paralysed         |       |     3 ||     3
       Confused          |       |     1 ||     1
       Invisible         |       |     1 ||     1
  Eat: Chunk             |       |     5 ||     5
Armor: Robe              |    13 |    67 ||    80
Dodge: Dodged            |    21 |   138 ||   159
